 Dungeon Crawl Stone Soup version 0.28-a0-691-gad6df49e81 (webtiles) character file.

Game seed: 1170428300933510618

7 spiderkeys the Skirmisher (level 1, 0/22 HPs)
             Began as a Troll Abyssal Knight on Oct 21, 2021.
             Was a Follower of Lugonu.
             Killed from afar by a raiju (12 damage)
             ... with a living lightning
             ... on level 1 of the Abyss.
             The game lasted 00:00:41 (190 turns).

spiderkeys the Skirmisher (Troll Abyssal Knight)     Turns: 190, Time: 00:00:41

Health: 0/22       AC:  4    Str: 20    XL:     1   Next: 83%
Magic:  1/1        EV: 10    Int:  6    God:    Lugonu [*.....]
Gold:   10         SH:  0    Dex: 10    Spells: 0/0 levels left

rFire   . . .      SeeInvis .     - Unarmed
rCold   . . .      Faith    .   (no shield)
rNeg    . . .      Spirit   .   a - +0 robe
rPois   .          Reflect  .   (helmet restricted)
rElec   .          Harm     .   (no cloak)
rCorr   .          Rampage  .   (gloves unavailable)
Will    .....                   (boots unavailable)
Stlth   +.........              (no amulet)
HPRegen 1.07/turn               (no ring)
MPRegen 0.07/turn               (no ring)

@: no status effects
A: large, unfitting armour, claws 3, regeneration 1, shaggy fur 1, tough skin 1
a: Renounce Religion, Depart the Abyss


You were on level 1 of the Abyss.
You worshipped Lugonu.
Lugonu was aware of your devotion.
You visited 0 branches of the dungeon, and saw 0 of its levels.
You visited the Abyss 1 time.

You collected 10 gold pieces.


Innate Abilities, Weirdness & Mutations

You are too large for most types of armour.
You have claws for hands.
Your natural rate of healing is unusually fast.
You are covered in fur. (AC +1)
You have tough skin. (AC +1)


   Skills:
 + Level 2.5 Fighting
 + Level 0.2 Armour
 + Level 2.0 Dodging
 + Level 2.1 Unarmed Combat
 + Level 1.7 Invocations


You couldn't memorise any spells.
You didn't know any spells.
Your spell library was empty.

Inventory:

Missiles
 b - 19 stones
Armour
 a - a +0 robe (worn)

Dungeon Overview and Level Annotations

Branches:
Dungeon (0/15)

Altars:

#### ### ## ##..##### ##.
....## ##.......## #
#........# #.........# .#
.......$$###.........#.#.
..........................
#...# ....###.........###
..........# #..R.#..#...#
...... ...# ##..@hhh.####
#.... ... # ##.######
#......## .... ###ยง## #
#... # # .... #### ....
...


You could see a rakshasa and 3 raiju.


Message History

๐Ÿค– Initializing magus.rc ... โœ… Successfully initialized magus.rc [v1.9.10] Welcome, spiderkeys the Troll Abyssal Knight.
It is said that the Orb of Zot exists deep within this dungeon.
Lugonu says: Depart the Abyss and spread corruption, my servant! (use the ability menu to exit the Abyss) Press ? for a list of commands and other information.
Found 10 gold pieces.
Found a corrupted altar of Lugonu.
Found a gateway leading out of the Abyss.
You now have 10 gold pieces.
There is a corrupted altar of Lugonu here.
b - 19 stones You are suddenly pulled into a different region of the Abyss!
Found a gateway leading out of the Abyss.
There is a gateway leading out of the Abyss here.
You see here a +0 hunting sling.
A white imp comes into view.
The white imp shouts!
You barely miss the white imp. You completely miss the white imp.
The white imp hits you. The white imp freezes you. ๐Ÿ˜ฎ HP[-6]
You take 6 damage, and now have 16/22 hp.
MASSIVE DAMAGE!! (PAUSE)
You claw the white imp!
You kill the white imp!
Your Dodging skill increases to level 2! ๐Ÿ˜• HP[+1] ๐Ÿ˜• HP[+1] ๐Ÿ˜• HP[+1] ๐Ÿ˜• HP[+2]
You regained 2 hp, and now have 21/22 hp. ๐Ÿ˜Ž HP[+1]
Your hp is fully restored (22).
A shadow dragon simulacrum comes into view.
A rakshasa comes into view. It is wielding a +0 long sword.
You see here 15 gold pieces.
You see here 11 gold pieces.
A raiju comes into view.
The raiju barks!
The raiju bursts into living lightning!
The living lightning misses you.
The raiju blinks! x2
The raiju bursts into living lightning!
The living lightning hits you!
Ouch! That really hurt!
* * * LOW HITPOINT WARNING * * *
The raiju blinks! ๐Ÿ˜ฑ HP[-17]
You take 17 damage, and now have 5/22 hp.
MASSIVE DAMAGE!! (PAUSE) ๐Ÿ˜จ HP[+1] ๐Ÿ˜จ HP[+1]
The rakshasa weaves an illusion.
The raiju shimmers and seems to become two!
The raiju bursts into living lightning!
The living lightning misses you.
The raiju blinks! ๐Ÿ˜จ HP[+1]
The raiju barely misses you. ๐Ÿ˜จ HP[+2]
You regained 2 hp, and now have 10/22 hp.
The raiju completely misses you. ๐Ÿ˜จ HP[+1]
The rakshasa weaves an illusion.
The raiju shimmers and seems to become two!
The raiju bursts into living lightning!
The living lightning hits the raiju.
The raiju completely resists.
The living lightning hits the raiju.
The raiju completely resists.
The living lightning hits you!
Ouch! That really hurt!
You die...

Skill      XL: |  1 |
---------------+----+-----
Dodging        | 2 |  2.0
Fighting       | |  2.5
Armour         | |  0.2
Unarmed Combat | |  2.1
Invocations    | |  1.7

Action                   || total
-------------------------++-------
Melee: Unarmed           ||     3
Dodge: Dodged            ||     4

Levels and vault maps discovered:
Abyss:1:  base: Temple, abyss_furniture_001, base: Temple, lemuel_flamethrower_3

Notes
Turn   | Place    | Note
-------+----------+-------------------------------------------
     0 | Abyss:1  | spiderkeys the Troll Abyssal Knight began the quest for the
                  | Orb.
     0 | Abyss:1  | Reached XP level 1. HP: 22/22 MP: 1/1
     0 | Abyss:1  | magus.rc [v1.9.10]
   115 | Abyss:1  | Reached skill level 2 in Dodging
   162 | Abyss:1  | Noticed a shadow dragon simulacrum
   173 | Abyss:1  | Noticed a rakshasa
   180 | Abyss:1  | Noticed a raiju
   184 | Abyss:1  | HP: 5/22 [raiju/living lightning (17)]
   190 | Abyss:1  | Killed from afar by a raiju

Vanquished Creatures
  A white imp (Abyss:1)
1 creature vanquished.

Table legend:
 A = Non-vault XP
 B = Vault XP
 C = Vault XP percentage of total XP
 D = Non-vault monster count
 E = Vault monster count
 F = Vault count percentage of total count
                 A         B        C        D         E       F
            +---------+---------+-------+---------+---------+-------
      Total |      10 |       0 |   0.0 |       1 |       0 |   0.0
            +---------+---------+-------+---------+---------+-------
    Abyss:1 |      10 |       0 |   0.0 |       1 |       0 |   0.0
            +---------+---------+-------+---------+---------+-------

Illustrated notes

Table legend:
 A = Kills in this place as a percentage of kills in entire the game.
 B = Kills by you in this place as a percentage of kills by you in the entire game.
 C = Kills by friends in this place as a percentage of kills by friends in the entire game.
 D = Other kills in this place as a percentage of other kills in the entire game.
 E = Experience gained in this place as a percentage of experience gained in the entire game.
 F = Experience gained in this place divided by the number of levels of this place that you have seen.
                   A       B       C       D       E      F
               +-------+-------+-------+-------+-------+----------------------
         Total | 100.0 | 100.0 |   N/A |   N/A | 100.0 |  10.0
         Abyss | 100.0 | 100.0 |   N/A |   N/A | 100.0 |  10.0
               +-------+-------+-------+-------+-------+----------------------

Table legend: (Time is in decaauts)
 A = Elapsed time spent in this place.
 B = Non-inter-level travel time spent in this place.
 C = Inter-level travel time spent in this place.
 D = Time resting spent in this place.
 E = Time spent auto-exploring this place.
 F = Levels seen in this place.
 G = Mean time per level.
                   A        B        C        D        E       F      G
               +--------+--------+--------+--------+--------+-----+--------+
         Total |    189 |    189 |      0 |      0 |    105 |   1 |  189.0 |
         Abyss |    189 |    189 |      0 |      0 |    105 |   1 |  189.0 |
               +--------+--------+--------+--------+--------+-----+--------+

Top non-repeatable levels by time:
 Abyss:1: 189 daAuts
